Map: Acropolis LE

Players

Parkkatz - Winner!

  • Race: Zerg Zerg
  • League: Platinum
  • Spawn Location: 11:00

DamNuRFaCE

  • Race: Terran Terran
  • League: Platinum
  • Spawn Location: 5:00

VOD

Have the link to the VOD?

Description

Time

  • Played on: July 4, 2019, 9:34 p.m.
  • Length: 16:32
Show
View Real Time Build Order
Export as new Build Order

Parkkatz Zerg - Winner!

Build Orders: Hatch First, Swarm Host 

Get SALT Encoding   

  12  0:01  Drone  
  13  0:17  Overlord  
  13  0:18  Drone  
  16  0:35  Drone x2  
  16  0:40  Drone  
  17  0:53  Drone  
  18  0:59  Hatchery  
  18  1:03  Drone  
  18  1:07  Extractor  
  17  1:16  Spawning Pool  
  16  1:26  Drone x2  
  18  1:33  Drone  
  19  1:50  Overlord  
  19  2:03  Queen  
  19  2:05  Zergling x2  
  19  2:08  Zergling x2  
  23  2:11  Queen  
  23  2:12  Zergling x2  
  26  2:19  Metabolic Boost  
  26  2:23  Drone  
  26  2:24  Zergling x2  
  28  2:40  Drone  
  28  2:41  Overlord  
  28  2:43  Drone x2  
  31  2:46  Queen  
  33  2:53  Drone  
  33  2:57  Drone  
  32  3:07  Zergling x4, Spine Crawler  
  33  3:15  Zergling x6  
  33  3:16  Zergling x2  
  37  3:24  Overlord  
  35  3:42  Queen  
  35  3:43  Zergling x10  
  38  3:53  Zergling x4  
  38  3:54  Zergling x10  
  43  4:11  Spore Crawler  
  43  4:12  Spore Crawler  
  43  4:15  Drone x2  
  43  4:25  Drone  
  43  4:26  Drone, Overlord  
  43  4:31  Roach Warren  
  38  4:47  Zergling x2  
  38  4:48  Zergling x14  
  41  4:57  Drone  
  41  4:58  Drone  
  43  5:02  Drone  
  43  5:03  Hatchery  
  43  5:11  Drone  
  43  5:12  Drone x3  
  43  5:13  Drone  
  48  5:20  Extractor  
  47  5:22  Extractor  
  47  5:23  Drone x3  
  49  5:31  Zergling x2  
  49  5:32  Zergling x4  
  52  5:40  Overlord  
  52  5:55  Overlord  
  52  6:00  Drone x3  
  52  6:02  Drone x2  
  52  6:03  Drone x2  
  59  6:15  Drone  
  59  6:16  Drone x4  
  59  6:17  Queen, Evolution Chamber  
  58  6:38  Roach  
  58  6:39  Roach x7  
  73  6:55  Zerg Missile Weapons Level 1  
  73  6:59  Overlord  
  73  7:00  Overlord  
  73  7:16  Lair  
  73  7:18  Spore Crawler  
  73  7:20  Drone, Ravager, Extractor  
  73  7:21  Drone x5  
  73  7:22  Drone x2  
  80  7:25  Roach x4  
  80  7:29  Overlord x2  
  88  7:32  Queen  
  88  7:35  Drone  
  88  7:37  Queen  
  88  7:39  Spore Crawler  
  89  7:57  Drone x2  
  89  7:58  Drone  
  92  7:59  Roach, Extractor  
  92  8:00  Roach x2  
  92  8:01  Extractor  
  96  8:07  Baneling Nest, Overlord x3  
  95  8:25  Drone  
  95  8:26  Drone x4  
  95  8:27  Drone  
  101  8:28  Drone x3  
  101  8:29  Overlord x2  
  104  8:43  Hatchery  
  90  8:53  Spire  
  90  8:54  Glial Reconstitution  
  90  8:55  Zerg Missile Weapons Level 2  
  83  9:16  Centrifical Hooks  
  83  9:22  Roach  
  83  9:23  Roach x4, Zergling x2  
  83  9:24  Zergling x36  
  112  9:40  Drone x5  
  112  9:41  Drone x3  
  89  10:07  Queen  
  89  10:08  Drone  
  89  10:09  Drone x2, Overlord x2  
  89  10:11  Mutalisk  
  89  10:12  Mutalisk x8  
  112  10:18  Roach  
  112  10:19  Roach x5  
  124  10:27  Zerg Flyer Weapons Level 1  
  124  10:30  Extractor  
  124  10:32  Drone x2  
  124  10:33  Drone x4, Extractor  
  128  10:36  Roach x2  
  128  10:39  Overlord x3  
  132  10:46  Roach x2  
  132  10:49  Drone x3  
  139  10:51  Spore Crawler  
  138  11:02  Drone x3, Mutalisk  
  138  11:03  Roach x3  
  145  11:27  Zergling x2  
  145  11:28  Zergling x30  
  159  11:43  Zergling x12  
  159  11:44  Zergling x4  
  129  12:01  Infestation Pit, Roach x5  
  136  12:03  Baneling x4  
  136  12:04  Baneling x4  
  136  12:08  Zerg Ground Armor Level 1  
  138  12:18  Mutalisk  
  138  12:19  Mutalisk x6  
  152  12:28  Zerg Flyer Weapons Level 2  
  152  12:44  Pneumatized Carapace, Hive  
  152  12:53  Hatchery  
  152  12:54  Extractor  
  112  13:41  Swarm Host x2  
  112  13:42  Swarm Host x5  
  112  13:43  Swarm Host x3  
  142  13:59  Roach x6, Nydus Network  
  142  14:00  Roach x15  
  142  14:01  Nydus Network  
  142  14:02  Roach, Overlord x3  
  184  14:03  Overlord  
  184  14:12  Roach  
  184  14:13  Roach x2  
  184  14:14  Overseer x2  
  184  14:15  Overseer  
  179  14:32  Roach  
  179  14:33  Roach x13  
  185  14:42  Roach  
  185  14:43  Roach x5  
  167  14:46  Roach  
  167  14:47  Roach  
  167  14:51  Zergling x16  
  167  14:52  Zergling x10  
  149  15:29  Mutalisk  
  149  15:30  Mutalisk x22  
  195  15:36  Queen  
  195  15:37  Drone  
Show
View Real Time Build Order
Export as new Build Order

DamNuRFaCE Terran 

Build Orders:  

Get SALT Encoding   

  12  0:01  SCV  
  13  0:13  SCV  
  14  0:17  Supply Depot  
  14  0:25  SCV  
  15  0:39  SCV  
  15  0:40  Barracks  
  16  0:47  Supply Depot  
  16  0:51  SCV  
  17  1:04  Barracks  
  17  1:14  Barracks  
  17  1:27  Marine  
  18  1:33  Barracks  
  18  1:45  Marine  
  19  2:02  Marine x2  
  19  2:05  Orbital Command  
  19  2:08  Marine  
  22  2:20  Marine x2  
  22  2:22  Supply Depot  
  24  2:23  Marine  
  24  2:25  Marine  
  26  2:38  Marine x2  
  26  2:41  Marine  
  26  2:43  Marine  
  26  2:44  Supply Depot  
  30  3:00  Marine  
  30  3:01  Marine x3  
  34  3:07  Supply Depot  
  34  3:08  SCV  
  35  3:12  Refinery  
  35  3:18  Marine x2  
  35  3:19  Marine x2  
  39  3:20  SCV  
  40  3:32  SCV  
  41  3:34  Supply Depot  
  41  3:36  Marine x2  
  42  3:44  SCV  
  36  3:52  Marine x2  
  36  3:54  Marine  
  37  3:56  SCV  
  36  4:11  Refinery, Command Center  
  29  4:54  Marine x3  
  29  4:55  Marine  
  33  5:00  SCV  
  34  5:12  Marine x4, SCV  
  39  5:24  SCV  
  39  5:26  Orbital Command  
  40  5:30  Marine  
  41  5:37  Refinery  
  41  5:39  SCV  
  42  5:46  Factory  
  42  5:49  Factory  
  41  5:51  SCV  
  41  5:52  SCV  
  43  6:00  Refinery  
  43  6:03  SCV  
  44  6:04  SCV  
  44  6:10  Engineering Bay  
  45  6:12  Engineering Bay  
  45  6:15  SCV  
  45  6:16  SCV  
  47  6:20  Supply Depot  
  47  6:28  SCV x2  
  32  6:40  SCV  
  32  6:43  Supply Depot  
  32  6:46  Marine  
  32  6:47  Marine x3  
  31  7:00  Factory Tech Lab  
  30  7:01  Factory Tech Lab  
  30  7:04  Marine x2  
  30  7:05  Marine x2, SCV  
  35  7:17  SCV  
  35  7:21  Siege Tank x2  
  35  7:22  Marine x3  
  43  7:23  Marine  
  43  7:25  Orbital Command  
  43  7:29  SCV  
  47  7:40  Marine x4  
  51  7:52  SCV  
  51  7:53  Siege Tank  
  51  7:55  SCV  
  56  8:00  Siege Tank  
  56  8:04  SCV  
  60  8:07  SCV  
  61  8:13  Refinery  
  61  8:15  Refinery  
  61  8:16  SCV  
  61  8:19  SCV  
  63  8:21  Terran Infantry Armor Level 1, Terran Infantry Weapons Level 1  
  63  8:25  Siege Tank  
  66  8:28  SCV  
  66  8:31  SCV  
  68  8:41  SCV  
  69  8:43  SCV  
  64  8:52  Marine x4  
  64  8:53  SCV  
  69  8:55  SCV  
  70  9:09  Marine  
  70  9:11  Starport  
  70  9:14  Starport  
  71  9:24  Barracks Tech Lab x3  
  71  9:34  Barracks Reactor  
  71  9:47  Marine x3  
  62  10:07  Marine x2  
  62  10:08  Marine  
  65  10:15  Command Center  
  65  10:20  Supply Depot  
  65  10:21  Marine x2  
  65  10:25  Marine x2  
  65  10:26  Marine  
  65  10:28  Starport Tech Lab x2  
  70  10:34  Combat Shield  
  70  10:35  Stimpack  
  70  10:39  Marine x2  
  72  10:43  Armory, Supply Depot, Marine x3  
  75  10:52  Siege Tank x2  
  75  10:53  Medivac  
  75  10:54  Medivac  
  85  10:57  Marine  
  86  11:04  Marine x2  
  86  11:05  Marine x2  
  86  11:06  Supply Depot  
  90  11:15  Marine  
  91  11:22  Marine x4  
  91  11:24  Medivac  
  94  11:27  Siege Tank, Medivac  
  94  11:29  Supply Depot  
  94  11:33  Marine  
  92  11:40  Marine x4  
  93  11:50  Marine  
  92  11:54  Medivac  
  92  11:58  Marine x2  
  96  12:03  Missile Turret  
  96  12:15  Supply Depot  
  96  12:16  Missile Turret  
  96  12:22  Missile Turret  
  96  12:38  Supply Depot  
  96  12:44  SCV x2  
  98  12:45  Orbital Command  
  98  12:48  Marine x5  
  103  12:56  SCV x2  
  103  13:06  Marine x5  
  103  13:08  SCV x2  
  110  13:15  Missile Turret  
  110  13:19  Siege Tank x2  
  116  13:20  SCV  
  116  13:21  Medivac  
  116  13:23  Marine  
  116  13:24  Marine x4  
  118  13:41  Marine x2  
  118  13:42  Marine x3  
  123  13:52  Supply Depot, SCV x3  
  126  13:59  Marine x3  
  126  14:00  Marine  
  130  14:04  SCV x2  
  132  14:10  Marine  
  132  14:12  Refinery  
  132  14:13  Refinery  
  132  14:14  Siege Tank, Medivac  
  138  14:17  Marine x3  
  138  14:21  Supply Depot  
  141  14:28  Marine  
  118  14:43  Supply Depot  
  106  14:47  Marine x3  
  106  14:48  Marine x2  
  109  15:05  Marine x4  
  68  15:38  Marine  
  68  15:39  Marine x4  
  67  15:56  Marine x2  
  67  15:57  Marine x3  
Tags
 
Composition
Swarm Host
Matchup
TvZ
Replay Pack
SC2 replays
Spawn Locations
Cross Positions
Add a new tag
Caveats
  • Supply blocks, unpowered buildings, or Contaminate may cause inaccurate times.
  • Supply counts are checked every 10 seconds.